 Dungeon Crawl Stone Soup version 0.31-a0-774-g0d66cbabe8 (webtiles) character file.

Game seed: 7179876218483761746

1 thriggle the Firebug (level 1, 0/10 HPs)
             Began as a Gargoyle Fire Elementalist on Sept 17, 2023.
             Slain by a kobold
             ... wielding a +0 short sword
              (4 damage)
             ... on level 1 of the Dungeon.
             The game lasted 00:00:27 (54 turns).

thriggle the Firebug (Gargoyle Fire Elementalist)     Turns: 54, Time: 00:00:27

Health: 0/10       AC:  4    Str: 11    XL:     1   Next: 20%
Magic:  2/3        EV: 11    Int: 15    God:
Gold:   23         SH:  0    Dex: 10    Spells: 3/4 levels left

rFire   . . .        c - +0 short sword
rCold   . . .        (no shield)
rNeg    + . .        a - +0 robe
rPois   ∞            (no helmet)
rElec   +            (no cloak)
rCorr   .            (no gloves)
SInv    .            (no boots)
Will    .....        (no amulet)
Stlth   ++           (no ring)
HPRegen 0.21/turn    (no ring)
MPRegen 0.08/turn

%: no passive effects
@: no status effects
A: sickness immunity, AC +2, negative energy resistance 1, electricity
resistance, torment resistance 1, petrification resistance
a: no special abilities


You were on level 1 of the Dungeon.
You visited 1 branch of the dungeon, and saw 1 of its levels.

You collected 23 gold pieces.

Inventory:

Hand Weapons
 c - a +0 short sword (weapon)
Armour
 a - a +0 robe (worn)
Potions
 b - a potion of magic


   Skills:
 + Level 0.0 Fighting
 + Level 1.5 Dodging
 + Level 2.2 Stealth
 + Level 2.0 Spellcasting
 + Level 1.1 Conjurations
 + Level 3.0 Fire Magic


You had 3 spell levels left.
You knew the following spells:

 Your Spells              Type           Power      Damage    Failure   Level
a - Foxfire               Conj/Fire      28%        2x1d5     10%         1

Your spell library contained the following spells:

 Spells                   Type           Power      Damage    Failure   Level
 Scorch                   Fire           20%        2d5       10%         2
 Inner Flame              Hex/Fire       6%         N/A       34%         3
 Volatile Blastmotes      Fire/Tloc      12%        2d11      34%         3
 Flame Wave               Conj/Fire      7%         2d5       67%         4


Dungeon Overview and Level Annotations

Branches:
Dungeon (1/15)

Altars:


Innate Abilities, Weirdness & Mutations

You are immune to sickness and miasma.
Your stone body is resilient. (AC +2)
You are immune to poison.
You resist negative energy. (rN+)
You are resistant to electric shocks. (rElec)
You are resistant to unholy torment.
You are immune to petrification.


Message History

You now have 23 gold pieces (gained 3).
A kobold comes into view. It is wielding a +0 short sword.
Casting: Foxfire (safe; 10% risk of failure)
Confirm with . or Enter, or press ? or * to list all spells.
You conjure some foxfire!
Found a scroll labelled EWNIEN ICWUCY and a yellow potion.
The kobold shouts!
The foxfire hits the kobold but does no damage.
The foxfire hits the kobold.
The kobold is severely wounded.
The kobold closely misses you.
A frilled lizard comes into view.
The frilled lizard hisses angrily.
You hit the kobold but do no damage.
The kobold is severely wounded.
The kobold hits you with a +0 short sword.
You barely miss the kobold.
The kobold is severely wounded.
The kobold hits you with a +0 short sword.
You hit the kobold but do no damage. Your punch misses the kobold.
The kobold is heavily wounded.
An endoplasm comes into view.
The kobold hits you but does no damage.
The endoplasm quivers.
You hit the kobold.
The kobold is severely wounded.
The kobold hits you with a +0 short sword.
A dart slug comes into view.
You closely miss the kobold.
The kobold is severely wounded.
The kobold closely misses you.
You hit the kobold but do no damage.
The kobold is severely wounded.
The kobold hits you with a +0 short sword.
* * * LOW HITPOINT WARNING * * *
Casting: Foxfire (safe; 10% risk of failure)
Confirm with . or Enter, or press ? or * to list all spells.
You conjure some foxfire!
The kobold hits you with a +0 short sword.
You die...

.... #... ##... .
.##. ##... .. ....
..w ... #.. #.#
.... ...#####l#
....!
#....##K#.....?
#..#...@v...... #
#.#....v###### ##.
#...#..## #..
#..##.##
#.#####.##..###
#####.#............
..+.#.#.##...###...
###.#...##..## ..
#............. ..


You could see a dart slug, a kobold (ally target) and a frilled lizard.

Vanquished Creatures
  A kobold (D:1)
1 creature vanquished.

Vanquished Creatures (others)
  A foxfire (D:1)
1 creature vanquished.

Grand Total: 2 creatures vanquished

Notes
Turn   | Place    | Note
-------+----------+-------------------------------------------
     0 | D:1      | thriggle the Gargoyle Fire Elementalist began the quest for
                  | the Orb.
     0 | D:1      | Reached XP level 1. HP: 10/10 MP: 3/3
    54 | D:1      | Slain by a kobold

Illustrated notes

Levels and vault maps discovered:
D:1:      shiori_shiawase, layout_rooms, shapermc_ecumenical_altar_venn

Action                     || total
---------------------------++-------
  Melee: Short sword       ||     6
         Unarmed           ||     6
   Cast: Foxfire           ||     2
 Armour: Robe              ||     7
  Dodge: Dodged            ||     6

Table legend: (Time is in decaauts)
 A = Elapsed time spent in this place.
 B = Non-inter-level travel time spent in this place.
 C = Inter-level travel time spent in this place.
 D = Time resting spent in this place.
 E = Time spent auto-exploring this place.
 F = Levels seen in this place.
 G = Mean time per level.
                   A        B        C        D        E       F      G
               +--------+--------+--------+--------+--------+-----+--------+
         Total |     53 |     53 |      0 |      0 |     20 |   1 |   53.0 |
       Dungeon |     53 |     53 |      0 |      0 |     20 |   1 |   53.0 |
               +--------+--------+--------+--------+--------+-----+--------+

Top non-repeatable levels by time:
     D:1: 53 daAuts
